 Dungeon Crawl Stone Soup version 0.22.1-1-ga44c0e5 (webtiles) character file.

579 Lauz the Carver (level 7, 0/58 HPs)
             Began as a Minotaur Berserker on Nov 4, 2018.
             Was a Priest of Trog.
             Slain by a slave (4 damage)
             ... led by Pikel
             ... on level 4 of the Dungeon.
             The game lasted 00:04:53 (3293 turns).

Lauz the Carver (Minotaur Berserker)                Turns: 3293, Time: 00:04:55

Health: 0/58       AC:  2    Str: 23    XL:     7   Next: 13%
Magic:  6/6        EV: 12    Int:  4    God:    Trog [***...]
Gold:   223        SH:  0    Dex: 10    Spells: 6/6 levels left

rFire    . . .     SeeInvis .   a - +0 falchion
rCold    + . .     Gourm    .   (no shield)
rNeg     . . .     Faith    .   b - +0 animal skin
rPois    .         Spirit   .   (helmet restricted)
rElec    .         Reflect  .   (no cloak)
rCorr    .         Harm     .   (no gloves)
MR       .....                  (no boots)
Stlth    ..........             (no amulet)
HPRegen  0.19/turn              e - ring of attention (curse)
MPRegen  0.10/turn              l - ring of protection from cold

@: berserk cooldown, slowed, very slow
A: retaliatory headbutt, horns 2
a: Berserk, Trog's Hand, Renounce Religion


You were on level 4 of the Dungeon.
You worshipped Trog.
Trog was most pleased with you.
You were not hungry.

You visited 1 branch of the dungeon, and saw 4 of its levels.

You collected 223 gold pieces.

Inventory:

Hand Weapons
 a - a +0 falchion (weapon)
Armour
 b - a +0 animal skin (worn)
 j - a +0 plate armour
 t - a +0 chain mail
Jewellery
 e - a cursed ring of attention (left hand)
 l - a ring of protection from cold (right hand)
Scrolls
 f - 3 scrolls of amnesia {unknown}
 g - 2 scrolls of fog {unknown}
 h - 2 scrolls of blinking {unknown}
 k - 3 scrolls of teleportation {unknown}
 m - a scroll of remove curse {unknown}
 o - a scroll of noise {unknown}
 p - 5 scrolls of identify {unknown}
 s - 3 scrolls of fear {unknown}
 u - 2 scrolls of enchant weapon {unknown}
 x - a scroll of enchant armour {unknown}
Potions
 d - 2 potions of curing {unknown}
 i - 3 potions of heal wounds {unknown}
 n - 3 potions of lignification {unknown}
 q - 2 potions of mutation {unknown}
 r - a potion of degeneration {unknown}
 v - a potion of agility {unknown}
 w - a potion of invisibility {unknown}
Comestibles
 c - 11 rations


   Skills:
 - Level 3.8 Fighting
 * Level 9.7 Long Blades
 - Level 2.4 Armour
 - Level 2.1 Dodging
 + Level 0.1 Stealth


You had 6 spell levels left.
You didn't know any spells.
Your spell library was empty.

Dungeon Overview and Level Annotations

Branches:
Dungeon (4/15)
 Temple: D:4-7

Altars:
The Shining One

Annotations:
D:4 Pikel


Innate Abilities, Weirdness & Mutations

You reflexively headbutt those who attack you in melee.
You have a pair of horns on your head.


Message History

You barely miss Pikel.
Pikel is heavily wounded.
You hit Pikel. Your headbutt misses Pikel.
Pikel is severely wounded.
Pikel hits you with a whip of electrocution!
* * * LOW HITPOINT WARNING * * *
The slave closely misses you.
You barely miss Pikel. You headbutt Pikel!
Pikel is almost dead.
You are no longer berserk.
You are exhausted.
You feel yourself slow down.
You hit Pikel but do no damage.
Pikel is almost dead.
Pikel hits you with a whip of electrocution.
* * * LOW HITPOINT WARNING * * *
The slave hits you.
* * * LOW HITPOINT WARNING * * *
The slave hits you.
You die...

#######................# #.#
.......#..#............# #.#
.......##...)...####.######.#
.......####.......##.# #....#
.......# #........##.###.####
..................##.....#
.......##.............####
####.#....#........#)##
<....#.##......p@..#.# ######
.#....Kp.##.. .....
###...######. ##.## #..## ..
#.# .. ... ..# ..# .#


You could see Pikel and 2 slaves.

Vanquished Creatures
  Sigmund (D:2)
  A slave (D:4)
  An ogre (D:4)
  A crimson imp (D:4)
  A centaur skeleton (D:4)
  Terence (D:2)
  An iguana (D:4)
  A worker ant (D:4)
  4 gnolls (D:3)
  7 adders
  An ooze (D:1)
  3 worms (D:2)
  A dart slug (D:1)
  2 leopard geckos
  An orc (D:3)
  2 ball pythons
  5 giant cockroaches
  8 goblins
  10 hobgoblins
  8 jackals
  A quokka (D:4)
  10 bats
  4 frilled lizards
  2 kobolds
  8 rats
85 creatures vanquished.

Notes
Turn   | Place    | Note
-------+----------+-------------------------------------------
     0 | D:1      | Lauz the Minotaur Berserker began the quest for the Orb.
     0 | D:1      | Reached XP level 1. HP: 19/19 MP: 0/0
    57 | D:1      | Reached skill level 4 in Long Blades
   287 | D:1      | Reached XP level 2. HP: 27/27 MP: 1/1
   764 | D:1      | Reached skill level 5 in Long Blades
   764 | D:1      | Reached XP level 3. HP: 16/33 MP: 2/2
  1184 | D:2      | Reached ** piety under Trog
  1289 | D:2      | Noticed Sigmund
  1292 | D:2      | Killed Sigmund
  1292 | D:2      | Reached skill level 7 in Long Blades
  1292 | D:2      | Reached XP level 4. HP: 40/40 MP: 3/3
  1292 | D:2      | Reached XP level 5. HP: 46/46 MP: 4/4
  1619 | D:2      | Noticed Terence
  1633 | D:2      | Killed Terence
  1633 | D:2      | Reached skill level 8 in Long Blades
  1633 | D:2      | Reached XP level 6. HP: 33/52 MP: 5/5
  2571 | D:3      | Found a glowing golden altar of the Shining One.
  2683 | D:3      | Reached *** piety under Trog
  2856 | D:4      | Reached skill level 9 in Long Blades
  3067 | D:4      | Reached XP level 7. HP: 41/58 MP: 6/6
  3270 | D:4      | Noticed Pikel
  3293 | D:4      | Slain by a slave

Skill      XL: |  1  2  3  4  5  6 |
---------------+-------------------+-----
Long Blades    | 4 5 7 8 9 |  9.7
Fighting       | |  3.8
Armour         | |  2.4
Dodging        | |  2.1
Stealth        | |  0.1

Action                   |  1- 3 |  4- 6 |  7- 9 || total
-------------------------+-------+-------+-------++-------
Melee: Falchion          |    73 |   109 |    22 ||   204
       Headbutt          |    13 |    24 |     1 ||    38
Invok: Berserk           |     1 |     1 |     1 ||     3
  Eat: Chunk             |     1 |     6 |       ||     7
       Ration            |       |       |     1 ||     1
Armor: Animal skin       |    16 |     9 |       ||    25
Dodge: Dodged            |    44 |    55 |     5 ||   104
       Rpst.: Falchion   |    10 |    18 |     1 ||    29
